 Dungeon Crawl Stone Soup version 0.21.1-1-g345015f (webtiles) character file.

88 Fang the Skirmisher (level 4, -8/29 HPs)
             Began as a Gargoyle Berserker on Apr 24, 2018.
             Was a Believer of Trog.
             Mangled by a worm (10 damage)
             ... on level 2 of the Dungeon.
             The game lasted 00:03:56 (1159 turns).

Fang the Skirmisher (Gargoyle Berserker)            Turns: 1159, Time: 00:03:57

Health: -8/29      AC:  5    Str: 21    XL:     4   Next: 54%
Magic:  4/4        EV: 12    Int:  8    God:    Trog [**....]
Gold:   97         SH:  0    Dex:  9    Spells: 3/3 levels left

rFire    . . .     SeeInvis .   a - +0 hand axe
rCold    . . .     Gourm    .   (no shield)
rNeg     + . .     Faith    .   b - +0 animal skin
rPois    ∞         Spirit   .   (no helmet)
rElec    +         Reflect  .   (no cloak)
rCorr    .         Harm     .   (no gloves)
MR       .....                  (no boots)
Stlth    +.........             (no amulet)
HPRegen  0.09/turn              (no ring)
MPRegen  0.09/turn              (no ring)

@: no status effects
A: negative energy resistance 1, electricity resistance, unbreathing,
petrification resistance, rot immunity, AC +3
a: Berserk, Trog's Hand, Burn Spellbooks, Renounce Religion


You were on level 2 of the Dungeon.
You worshipped Trog.
Trog was pleased with you.
You were near starving.

You visited 1 branch of the dungeon, and saw 2 of its levels.

You collected 97 gold pieces.

Inventory:

Hand Weapons
 a - a +0 hand axe (weapon)
Armour
 b - a +0 animal skin (worn)
Scrolls
 e - a scroll of noise {unknown}
 g - a scroll of enchant weapon {unknown}
 h - 2 scrolls of identify {unknown}
 i - a scroll of teleportation {unknown}
 j - a scroll of magic mapping {unknown}
 m - a scroll of amnesia {unknown}
Potions
 d - a potion of flight {unknown}
 f - a potion of haste {unknown}
 k - a potion of degeneration {unknown}
 l - a potion of lignification {unknown}
Comestibles
 c - a ration


   Skills:
 + Level 4.1 Fighting
 + Level 3.8 Axes
 + Level 2.3 Armour
 + Level 1.9 Dodging
 + Level 0.3 Stealth


You had 3 spell levels left.
You didn't know any spells.

Dungeon Overview and Level Annotations

Branches:
Dungeon (2/15)

Altars:


Innate Abilities, Weirdness & Mutations

You are resistant to torment.
Your stone body is resilient. (AC +3)
You are immune to poison.
You resist negative energy. (rN+)
You are resistant to electric shocks. (rElec)
You can survive without breathing.
You are immune to petrification.
You are immune to rotting.


Message History

Unknown command.
You slash the worm!
The worm is almost dead.
You hit the leopard gecko but do no damage.
The leopard gecko barely misses you. The worm barely misses you.
Unknown command.
You barely miss the worm.
The worm is almost dead.
You closely miss the leopard gecko.
The leopard gecko bites you but does no damage.
The worm closely misses you.
Unknown command.
You hit the worm.
The worm is almost dead.
You hit the leopard gecko.
You kill the leopard gecko!
Trog accepts your kill.
The giant cockroach bites you but does no damage.
The worm bites you!
You die...

....................# .
#.........#.........# ..
##......#...........#...
##...#.####............
#.>.#.# ##...........
###...# #..)....#...
##..# ####.##....>
##..#######........
#.........@.......
.#####sw####... ...w. ..
......## .....#### ..>##
###


You could see a worm, a dart slug and a giant cockroach.

Vanquished Creatures
  A scorpion (D:2)
  A dart slug (D:1)
  3 leopard geckos
  2 giant cockroaches (D:1)
  2 goblins
  5 hobgoblins
  2 bats (D:1)
  8 frilled lizards (D:1)
  7 kobolds
  5 rats (D:1)
  A plant (D:1)
37 creatures vanquished.

Notes
Turn   | Place    | Note
-------+----------+-------------------------------------------
     0 | D:1      | Fang the Gargoyle Berserker began the quest for the Orb.
     0 | D:1      | Reached XP level 1. HP: 14/14 MP: 1/1
    90 | D:1      | Reached XP level 2. HP: 13/19 MP: 2/2
   522 | D:1      | Reached ** piety under Trog
   522 | D:1      | Reached XP level 3. HP: 12/24 MP: 3/3
  1094 | D:2      | Noticed a scorpion
  1102 | D:2      | Killed a scorpion
  1102 | D:2      | Reached skill level 4 in Fighting
  1102 | D:2      | Reached XP level 4. HP: 29/29 MP: 4/4
  1159 | D:2      | Mangled by a worm

Skill      XL: |  1  2  3 |
---------------+----------+-----
Axes           | 3 |  3.8
Fighting       | 4 |  4.1
Armour         | |  2.3
Dodging        | |  1.9
Stealth        | |  0.3

Action                   |  1- 3 |  4- 6 || total
-------------------------+-------+-------++-------
Melee: Hand axe          |   139 |    14 ||   153
Invok: Berserk           |     1 |       ||     1
Armor: Animal skin       |    34 |     6 ||    40
Dodge: Dodged            |    52 |    13 ||    65
